 Dungeon Crawl Stone Soup version 0.25-a0-1079-g858b6a6ff6 (webtiles) character file.

Game seed: 3440657811552301425, levelgen mode: classic

1677 Amnesiac the Slicer (level 9, -8/44 HPs)
             Began as a Vine Stalker Monk on May 15, 2020.
             Was a Priest of Makhleb.
             Mangled by Prince Ribbit (13 damage)
             ... on level 6 of the Dungeon.
             The game lasted 00:14:01 (5176 turns).

Amnesiac the Slicer (Vine Stalker Monk)             Turns: 5176, Time: 00:14:01

Health: -8/44      AC:  6    Str: 18    XL:     9   Next: 1%
Magic:  0/10       EV: 12    Int: 10    God:    Makhleb [***...]
Gold:   266        SH:  0    Dex: 16    Spells: 6/8 levels left

rFire    . . .     SeeInvis .   a - +1 rapier
rCold    . . .     Gourm    .   (no shield)
rNeg     . . .     Faith    .   l - +0 ring mail
rPois    .         Spirit   +   (no helmet)
rElec    .         Reflect  .   (no cloak)
rCorr    .         Harm     .   s - +0 pair of gloves
MR       +....                  (no boots)
Stlth    +++.......             g - amulet of magic regeneration
HPRegen  0.54/turn              (no ring)
MPRegen  0.37/turn              (no ring)

@: no status effects
A: fangs 3, regeneration 1, magic shield, antimagic bite, no potion heal 3, rot
immunity
a: Minor Destruction, Lesser Servant of Makhleb, Renounce Religion


You were on level 6 of the Dungeon.
You worshipped Makhleb.
Makhleb was most pleased with you.
You were not hungry.

You visited 2 branches of the dungeon, and saw 7 of its levels.
You also visited: Sewer.

You collected 266 gold pieces.

Inventory:

Hand Weapons
 a - a +1 rapier (weapon)
Missiles
 u - 41 arrows
Armour
 l - a +0 ring mail (worn)
 m - a +0 buckler
 s - a +0 pair of gloves (worn)
 C - a +0 kite shield
Jewellery
 g - an amulet of magic regeneration (around neck)
Wands
 w - a wand of clouds (3)
 x - a wand of polymorph (8)
Scrolls
 b - a scroll of remove curse {!r, unknown}
 f - a scroll of blinking {!r, unknown}
 j - a scroll of teleportation {!r}
 k - a scroll of fog {!r, unknown}
 r - a scroll of enchant weapon {!r}
 y - a scroll of identify {!r, unknown}
 z - a scroll of noise {!r, unknown}
 D - a scroll of fear {!r, unknown}
Potions
 d - 2 potions of magic {!q, unknown}
 e - 2 potions of cancellation {!q, unknown}
 h - 3 potions of heal wounds {!q}
 i - a potion of ambrosia {!q, unknown}
 n - 3 potions of curing {!q, unknown}
 o - a potion of degeneration {!q, unknown}
 q - 2 potions of lignification {!q, unknown}
 t - 2 potions of mutation {!q, unknown}
 v - 2 potions of berserk rage {!q, unknown}
 A - a potion of haste {!q, unknown}
 B - a potion of might {!q, unknown}
Comestibles
 c - 10 rations
 F - 3 chunks of flesh


   Skills:
 - Level 3.0 Fighting
 - Level 8.0 Short Blades
 - Level 2.4 Dodging
 - Level 8.0 Stealth
 - Level 4.0 Shields
 * Level 0.3 Invocations
 + Level 0.1 Evocations


You had 6 spell levels left.
You knew the following spells:

 Your Spells              Type           Power        Failure   Level  Hunger
a - Sticks to Snakes      Tmut           #.......     71%         2    ###....

Your spell library contained the following spells:

 Spells                   Type           Power        Failure   Level  Hunger
 Beastly Appendage        Tmut           #.....       56%         1    ##.....
 Spider Form              Tmut/Pois      #.........   90%         3    ####...
 Ice Form                 Ice/Tmut       #.......     100%        4    #####..
 Blade Hands              Tmut           #.........   100%        5    ######.


Dungeon Overview and Level Annotations

Branches:
Dungeon (6/15)             Temple (1/1) D:4           Sewer (visited)

Altars:
Ashenzari
Cheibriados
Dithmenos
Elyvilon
Fedhas
Hepliaklqana
Kikubaaqudgha
Makhleb
Nemelex Xobeh
Okawaru
Qazlal
Ru
Trog
Vehumet
Wu Jian
Xom
Yredelemnul
The Shining One

Annotations:
D:6 Prince Ribbit


Innate Abilities, Weirdness & Mutations

You have razor-sharp teeth.
Your natural rate of healing is unusually fast.
When hurt, damage is shared between your health and your magic reserves.
Your bite disrupts and absorbs the magic of your enemies.
Potions cannot restore your health.
You are immune to rotting.


Message History

Prince Ribbit blinks!
Evoke which item? (* to show all) (? for menu, Esc to quit)
Okay, then.
Unknown command.
Unknown command.
Unknown command.
Prince Ribbit hits you!
You miss Prince Ribbit.
Prince Ribbit is moderately wounded.
Prince Ribbit hits you!
* * * LOW HITPOINT WARNING * * *
Unknown command.
You miss Prince Ribbit.
Prince Ribbit is moderately wounded.
Prince Ribbit hits you.
* * * LOW HITPOINT WARNING * * *
Unknown command.
You hit Prince Ribbit but do no damage. You bite Prince Ribbit.
Prince Ribbit's magic leaks into the air.
You drain his magic.
You feel invigorated.
Prince Ribbit is heavily wounded.
Prince Ribbit misses you.
You hit Prince Ribbit.
Prince Ribbit is heavily wounded.
Prince Ribbit misses you.
You miss Prince Ribbit.
Prince Ribbit is heavily wounded.
Prince Ribbit hits you!
* * * LOW HITPOINT WARNING * * *
Prince Ribbit hits you but does no damage.
You closely miss Prince Ribbit.
Prince Ribbit is heavily wounded.
Prince Ribbit closely misses you.
You miss Prince Ribbit.
Prince Ribbit is heavily wounded.
Prince Ribbit hops awkwardly around.
Prince Ribbit closely misses you.
You miss Prince Ribbit.
Prince Ribbit is heavily wounded.
Prince Ribbit hits you!
* * * LOW HITPOINT WARNING * * *
You closely miss Prince Ribbit.
Prince Ribbit is heavily wounded.
Prince Ribbit blinks!
Evoke which item? (* to show all) (? for menu, Esc to quit)
Aiming: Cloud Cone
Press: ? - help, Dir - move target cursor, f - you
Okay, then.
Evoke which item? (* to show all) (? for menu, Esc to quit)
Aiming: Cloud Cone
Press: ? - help, Dir - move target cursor, f - Prince Ribbit
Aim: Prince Ribbit (heavily wounded)
You create a blast of poison gas!
Prince Ribbit is engulfed in poison gas.
Prince Ribbit is poisoned.
Prince Ribbit falters for a moment.
Prince Ribbit is engulfed in poison gas.
Prince Ribbit looks even sicker.
Prince Ribbit lets out a mournful croak.
Prince Ribbit is engulfed in poison gas.
Prince Ribbit looks even sicker.
You miss Prince Ribbit.
Prince Ribbit is severely wounded.
Prince Ribbit hits you!
You die...

.. #..
######
..>
#....#
###.
#....#
....
#..@.#
#...
#..F.#
#..#
#..§.#
#...
#.§§§#
#...
#/§§§#
##..
#§§§§§
#.#
#...(##
#..
.....#
##.
#.#####
##


You could see Prince Ribbit (very poisoned).

Vanquished Creatures
  The ghost of coffeespoons the Poker, an amateur MfMo of the Shining One (D:3)
  Duvessa (D:5)
  A sky beast (D:6)
  An ice beast (D:3)
  2 phantoms (D:4)
  An ogre (D:5)
  A centaur (D:5)
  2 big kobolds (Sewer)
  Dowan (D:5)
  2 scorpions
  A crimson imp (D:5)
  A bullfrog zombie (D:5)
  A gnoll shaman (D:5)
  2 orc priests (D:4)
  An orc wizard (D:3)
  3 worker ants
  A howler monkey zombie (D:3)
  8 adders
  3 river rats (Sewer)
  10 gnolls
  10 oozes
  3 adder skeletons
  5 worms
  A dart slug (D:4)
  3 leopard geckos
  15 orcs
  4 ball pythons
  4 giant cockroaches
  7 goblins
  7 hobgoblins
  9 kobolds
  4 quokkas
  5 bats
  4 frilled lizards
  2 leopard gecko skeletons
  14 rats
141 creatures vanquished.

Notes
Turn   | Place    | Note
-------+----------+-------------------------------------------
     0 | D:1      | Amnesiac the Vine Stalker Monk began the quest for the Orb.
     0 | D:1      | Reached XP level 1. HP: 11/11 MP: 2/2
    99 | D:1      | Reached XP level 2. HP: 11/16 MP: 3/3
   140 | D:2      | Found a blossoming altar of Fedhas.
   681 | D:2      | Reached XP level 3. HP: 19/19 MP: 4/4
   969 | D:2      | Found a shattered altar of Ashenzari.
  1077 | D:2      | Gained mutation: Your natural rate of healing is unusually
                  | fast. [Vine Stalker growth]
  1077 | D:2      | Reached XP level 4. HP: 15/24 MP: 5/5
  1106 | D:2      | Reached skill level 1 in Shields
  1372 | D:3      | Learned a level 2 spell: Sticks to Snakes
  1582 | D:3      | Reached XP level 5. HP: 13/28 MP: 1/6
  1622 | D:3      | Found a shimmering altar of Xom.
  1672 | D:3      | Found a transporter.
  1677 | D:3      | Found a transporter.
  1677 | D:3      | Noticed coffeespoons's ghost (amateur MfMo)
  1855 | D:3      | Noticed an ice beast
  1879 | D:3      | Killed an ice beast
  1879 | D:3      | Reached XP level 6. HP: 25/32 MP: 7/7
  2398 | D:3      | Killed coffeespoons's ghost
  2398 | D:3      | Reached skill level 5 in Short Blades
  2398 | D:3      | Reached skill level 5 in Stealth
  2466 | D:4      | Reached XP level 7. HP: 36/36 MP: 8/8
  2540 | D:4      | Found a staircase to the Ecumenical Temple.
  2673 | Temple   | Entered the Ecumenical Temple
  2735 | Temple   | Became a worshipper of Makhleb the Destroyer
  2735 | Temple   | Reached * piety under Makhleb
  2735 | Temple   | Reached ** piety under Makhleb
  3206 | D:4      | Found a basalt altar of Yredelemnul.
  3256 | D:4      | Found a shadowy altar of Dithmenos.
  3420 | D:4      | Found an ornate altar of the Wu Jian Council.
  3649 | D:5      | Entered Level 5 of the Dungeon
  3680 | D:5      | Gained mutation: You have razor-sharp teeth. [Vine Stalker
                  | growth]
  3680 | D:5      | Reached XP level 8. HP: 33/40 MP: 7/9
  3913 | D:5      | Found a snail-covered altar of Cheibriados.
  3914 | D:5      | Noticed Duvessa
  3914 | D:5      | Noticed Dowan
  3934 | D:5      | Killed Dowan
  3964 | D:5      | Killed Duvessa
  4223 | D:5      | Found a white marble altar of Elyvilon.
  4262 | D:5      | Found a bloodstained altar of Trog.
  4279 | D:5      | Found a bloodstained altar of Trog.
  4441 | D:6      | Found a glowing drain.
  4457 | Sewer    | Entered a sewer
  4817 | Sewer    | Reached *** piety under Makhleb
  4967 | Sewer    | Reached XP level 9. HP: 44/44 MP: 10/10
  5156 | D:6      | Noticed Prince Ribbit
  5176 | D:6      | Mangled by Prince Ribbit

Illustrated notes

Levels and vault maps discovered:
D:1:      minmay_arrival_arboretum_small, layout_rooms
D:2:      layout_loops_ring, ashenzari_altar_1, first_ration,
          fedhas_ov_isle_minmay
D:3:      layout_loops_cross, lemuel_crystal_altar, gammafunk_ghost_mausoleum
D:4:      layout_basic, kennysheep_mini_moat, nicolae_overflow_hidden_temple,
          lemuel_doored_altar, minmay_temple_entry_slanted,
          minmay_misc_feat_alley, hangedman_decor_clover_reticule
D:5:      layout_rooms, old_standard_altar, lightli_temple_of_fire,
          kennysheep_little_box, serial_park_tiny_1, trog_book, uniq_duvessa
D:6:      layout_basic, kennysheep_mini, gammafunk_ghost_nasty_kobolds,
          cheibrodos_sewer_entry_drain, uniq_prince_ribbit1,
          uniq_crazy_yiuf_cottage
Temple:   cyrus_temple_forest

Skill      XL: |  1  2  3  4  5  6  7  8  9 |
---------------+----------------------------+-----
Short Blades   | 3 4 5 6 8 |  8.0
Stealth        | 3 4 5 6 7 8 |  8.0
Fighting       | 3 |  3.0
Shields        | 1 2 3 4 |  4.0
Dodging        | |  2.4
Invocations    | |  0.3
Evocations     | |  0.1

Action                   |  1- 3 |  4- 6 |  7- 9 || total
-------------------------+-------+-------+-------++-------
Melee: Short sword       |   102 |   188 |   237 ||   527
       Bite              |    27 |    65 |   116 ||   208
       Rapier            |       |       |   158 ||   158
Throw: Dart              |    56 |    74 |     5 ||   135
Evoke: Wand              |       |       |     2 ||     2
  Use: Scroll            |       |       |     3 ||     3
 Stab: Sleeping          |     4 |     2 |     8 ||    14
       Confused          |       |       |     2 ||     2
  Eat: Chunk             |     1 |     4 |    10 ||    15
Armor: Robe              |     4 |       |       ||     4
       Ring mail         |     9 |    31 |    73 ||   113
Dodge: Dodged            |    53 |    87 |   114 ||   254
Block: Buckler           |     4 |    22 |    36 ||    62
       Kite shield       |       |       |    41 ||    41

Table legend:
 A = Non-vault XP
 B = Vault XP
 C = Vault XP percentage of total XP
 D = Non-vault monster count
 E = Vault monster count
 F = Vault count percentage of total count
                 A         B        C        D         E       F
            +---------+---------+-------+---------+---------+-------
      Total |    1582 |     815 |  34.0 |     105 |      36 |  25.5
            +---------+---------+-------+---------+---------+-------
        D:1 |      21 |       0 |   0.0 |      11 |       0 |   0.0
        D:2 |     101 |       0 |   0.0 |      25 |       0 |   0.0
        D:3 |     284 |     209 |  42.4 |      34 |       4 |  10.5
        D:4 |     513 |       0 |   0.0 |      20 |       0 |   0.0
        D:5 |     531 |     220 |  29.3 |      14 |       2 |  12.5
        D:6 |     132 |       3 |   2.2 |       1 |       2 |  66.7
      Sewer |       0 |     383 | 100.0 |       0 |      28 | 100.0
            +---------+---------+-------+---------+---------+-------
